 Dungeon Crawl Stone Soup version 0.32-a0-18-g89e19f1974 (webtiles) character file.

Game seed: 17047168503037989368

149 Laraso the Magician (level 5, -5/28 HPs)
             Began as a Deep Elf Earth Elementalist on Jan 16, 2024.
             Slain by a crocodile (13 damage)
             ... in a sewer.
             The game lasted 00:03:40 (2438 turns).

Laraso the Magician (Deep Elf Earth Elementalist)   Turns: 2438, Time: 00:03:40

Health: -5/28      AC:  5    Str:  5    XL:     5   Next: 9%
Magic:  6/16       EV: 12    Int: 22    God:
Gold:   92         SH:  0    Dex: 15    Spells: 14/18 levels left

rFire   . . .        l - +0 dagger (protect)
rCold   . . .        (no shield)
rNeg    . . .        a - +0 robe
rPois   .            k - +2 helmet
rElec   .            (no cloak)
rCorr   .            (no gloves)
SInv    .            (no boots)
Will    .....        (no amulet)
Stlth   ++           (no ring)
HPRegen 0.24/turn    (no ring)
MPRegen 0.15/turn

%: no passive effects
@: no status effects
A: no striking features
a: no special abilities


You were in a sewer.
You visited 1 branch of the dungeon, and saw 3 of its levels.
You also visited: Sewer.

You collected 92 gold pieces.

Inventory:

Hand Weapons
 l - a +0 dagger of protection (weapon)
Armour
 a - a +0 robe (worn)
 k - a +2 helmet (worn)
Wands
 m - a wand of flame (11)
Scrolls
 c - a scroll of vulnerability
 f - a scroll of enchant armour {unknown}
 g - a scroll of noise {unknown}
 j - a scroll of revelation {unknown}
Potions
 b - a potion of magic
 d - a potion of attraction {unknown}
 e - a potion of curing {unknown}
 i - 2 potions of cancellation


   Skills:
 - Level 2.4 Dodging
 - Level 2.4 Stealth
 * Level 7.2 Spellcasting
 - Level 1.1 Conjurations
 - Level 3.2 Earth Magic


You had 14 spell levels left.
You knew the following spells:

 Your Spells              Type           Power      Damage    Failure   Level
a - Sandblast             Erth           44%        2d11      1%          1
b - Stone Arrow           Conj/Erth      34%        3d9       10%         3

Your spell library contained the following spells:

 Spells                   Type           Power      Damage    Failure   Level
 Passwall                 Erth           22%        N/A       6%          3
 Frozen Ramparts          Ice            14%        1d3       24%         3
 Brom's Barrelling Bould  Conj/Erth      17%        2d4       32%         4
 Leda's Liquefaction      Alch/Erth      7%         N/A       38%         4
 Petrify                  Alch/Erth      15%        N/A       38%         4
 Metabolic Englaciation   Hex/Ice        3%         N/A       92%         5


Dungeon Overview and Level Annotations

Branches:
Dungeon (3/15)              Sewer (1/1)

Altars:


Message History

The blast of sand hits the crocodile.
The crocodile is heavily wounded.
Casting: Sandblast (safe; 1% risk of failure)
Confirm with . or Enter, or press ? or * to list all spells.
Aiming: Sandblast (safe; 1% risk of failure)
Press: ? - help, Shift-Dir - straight line, f/p - crocodile
Aim: a crocodile (heavily wounded, 79% to hit)
The blast of sand misses the crocodile.
The crocodile bites you!
Ouch! That really hurt!
The crocodile drags you backwards!
Casting: Sandblast (safe; 1% risk of failure)
Confirm with . or Enter, or press ? or * to list all spells.
Aiming: Sandblast (safe; 1% risk of failure)
Press: ? - help, Shift-Dir - straight line, f/p - crocodile
Aim: a crocodile (heavily wounded, 79% to hit)
The blast of sand hits the crocodile but does no damage.
The crocodile is heavily wounded.
The crocodile bites you.
* * * LOW HITPOINT WARNING * * *
The crocodile drags you backwards! The crocodile barely misses you.
Unknown command.
Okay, then.
Okay, then.
Casting: Sandblast (safe; 1% risk of failure)
Confirm with . or Enter, or press ? or * to list all spells.
Aiming: Stone Arrow (quite dangerous; 10% risk of failure)
Press: ? - help, Shift-Dir - straight line, f/p - crocodile
Aim: a crocodile (heavily wounded, 60% to hit)
The stone arrow misses the crocodile.
The crocodile closely misses you.
Unknown command.
Unknown command.
Casting: Stone Arrow (quite dangerous; 10% risk of failure)
Confirm with . or Enter, or press ? or * to list all spells.
Aiming: Stone Arrow (quite dangerous; 10% risk of failure)
Press: ? - help, Shift-Dir - straight line, f/p - crocodile
Aim: a crocodile (heavily wounded, 60% to hit)
The stone arrow hits the crocodile!
The crocodile is almost dead.
The crocodile bites you!
You die...

##################
#∩∩~~~~†..@l......
###~~~.########~..
##~.## ####


You could see a crocodile.

Vanquished Creatures
  A bombardier beetle (D:3)
  Robin (D:2)
  3 adders (D:2)
  2 dart slugs (D:1)
  A ribbon worm (D:2)
  6 ball pythons
  4 bats
  6 endoplasms
  5 giant cockroaches
  16 goblins
  5 hobgoblins
  2 kobolds (D:1)
  3 quokkas
  A frilled lizard (D:1)
  8 rats
64 creatures vanquished.

Notes
Turn   | Place    | Note
-------+----------+-------------------------------------------
     0 | D:1      | Laraso the Deep Elf Earth Elementalist began the quest for
                  | the Orb.
     0 | D:1      | Reached XP level 1. HP: 10/10 MP: 6/6
   279 | D:1      | Reached skill level 4 in Spellcasting
   279 | D:1      | Reached XP level 2. HP: 15/15 MP: 6/9
  1067 | D:1      | Reached XP level 3. HP: 19/19 MP: 9/11
  1125 | D:2      | Reached skill level 5 in Spellcasting
  1183 | D:2      | Learned a level 3 spell: Stone Arrow
  1556 | D:2      | Noticed Robin
  1586 | D:2      | Killed Robin
  1587 | D:2      | Reached skill level 6 in Spellcasting
  1587 | D:2      | Reached XP level 4. HP: 24/24 MP: 9/14
  2272 | D:3      | Reached skill level 7 in Spellcasting
  2272 | D:3      | Reached XP level 5. HP: 28/28 MP: 10/16
  2359 | D:3      | Found a glowing drain.
  2378 | Sewer    | Entered a sewer
  2430 | Sewer    | Noticed a crocodile
  2438 | Sewer    | Slain by a crocodile

Illustrated notes

Levels and vault maps discovered:
D:1:      tarquinn_simple_flora_water_e, layout_basic
D:2:      layout_rooms, serial_co_window_serial, co_window_paths_b,
          co_window_paths_a, co_window_of_opportunity_a, co_window_paths_b,
          co_window_corner_a, co_window_corner_ca, co_window_paths_c,
          co_window_cross_3, co_window_broadway_b, co_window_corner_b,
          co_window_unsneaky_path_d, uniq_robin
D:3:      layout_basic, slow_altar_2, portal_sewer_entry_a,
          kennysheep_orc_chapel
Sewer:    sewer_sea

Skill      XL: |  1  2  3  4 |
---------------+-------------+-----
Spellcasting   | 4 6 7 |  7.2
Dodging        | |  2.4
Stealth        | |  2.4
Conjurations   | |  1.1
Earth Magic    | |  3.2

Action                     |  1- 3 |  4- 6 || total
---------------------------+-------+-------++-------
  Melee: Dagger            |       |     6 ||     6
   Cast: Sandblast         |    47 |    48 ||    95
         Stone Arrow       |       |     2 ||     2
  Evoke: Wand              |       |     1 ||     1
    Use: Scroll            |       |     2 ||     2
 Armour: Robe              |     4 |    15 ||    19
  Dodge: Dodged            |     5 |    10 ||    15

Table legend: (Time is in decaauts)
 A = Elapsed time spent in this place.
 B = Non-inter-level travel time spent in this place.
 C = Inter-level travel time spent in this place.
 D = Time resting spent in this place.
 E = Time spent auto-exploring this place.
 F = Levels seen in this place.
 G = Mean time per level.
                   A        B        C        D        E       F      G
               +--------+--------+--------+--------+--------+-----+--------+
         Total |   2487 |   2369 |    118 |     45 |   1945 |   4 |  621.8 |
       Dungeon |   2422 |   2304 |    118 |     45 |   1901 |   3 |  807.3 |
         Sewer |     65 |     65 |      0 |      0 |     44 |   1 |   65.0 |
               +--------+--------+--------+--------+--------+-----+--------+

Top non-repeatable levels by time:
     D:1: 1130 daAuts
     D:2: 1078 daAuts
     D:3: 213 daAuts
   Sewer: 65 daAuts
